Cogmind - Beta 16 @@@ ROGUE MODE // 2025.11.12 @ 22:48:41 Player: Plexion Result: Destroyed by G-67 Veteran with Plasma Rifle Performance ------------- Evolutions (6) 3000 Regions Visited (22) 4400 Robots Destroyed (232) 1160 Value Destroyed (11276) 11276 Prototype IDs (19) 380 Alien Tech Used (0) 0 Bonus (10189) 10189 TOTAL SCORE: 30405 Bonus ------- High Alert Combat Kills 1403 Follower Combat Kills 4489 Entered Garrisons 1200 Used RIF Installer 3500 Friendly Fire -403 Cogmind --------- Core Integrity 0/1150 Matter 57/300 Energy 99/100 System Corruption 3% Temperature Cool (12) Movement Core (50) Location -4/Garrison Parts ------- > --- POWER (2) -------- (None) > --- PROPULSION (4) --- (None) > --- UTILITY (11) ----- (None) > --- WEAPON (2) ------- (None) > --- INVENTORY (5) ---- Advanced Targeting Computer Transmission Jammer Advanced Force Field Relay Coupler [NC] (29) Plasma Lance Peak State ------------ > --- POWER ------------ Quantum Reactor Reinforced Quantum Reactor > --- PROPULSION ------- Armored Medium Treads Armored Medium Treads Armored Heavy Treads > --- UTILITY ---------- Advanced Cooling System Huge Storage Unit Machine Analyzer Centrium Light Armor Plating Hacking Suite Relay Coupler [Swarmer] Relay Coupler [Grunt] Relay Coupler [Specialist] Relay Coupler [Behemoth] System Guard > --- WEAPON ----------- Ion Burst Cannon Improved Remote Datajack > --- INVENTORY -------- Seismic Detector Advanced Targeting Computer Experimental Core Analyzer Transmission Jammer Hardened Light Armor Plating Graphene Brace Advanced Force Field System Shield Relay Coupler [NC] Relay Coupler [NC] Relay Coupler [NC] Relay Coupler [Demolisher] Relay Coupler [Hunter] Relay Coupler [Heavy] Nova Cannon Precision Rocket Launcher Precision Rocket Launcher Improved Remote Datajack Plasma Lance [Rating: 111] Favorites ----------- Power Antimatter Reactor Engine Light Ion Engine Power Core Nuclear Core Reactor Antimatter Reactor Propulsion Heavy Treads Treads Heavy Treads Leg Experimental Flexi-carbon Leg Wheel Wheel Flight Unit Improved Flight Unit Utility Huge Storage Unit Device Seismic Detector Storage Huge Storage Unit Processor Machine Analyzer Hackware Relay Coupler [Grunt] Protection Hardened Light Armor Plating Weapon Advanced Beam Rifle Energy Gun Advanced Beam Rifle Energy Cannon Ion Burst Cannon Ballistic Gun Heavy Assault Rifle Launcher Tesla Bomb Launcher Special Weapon Improved Remote Datajack Piercing Weapon Makeshift Spear Build | -11 -10 -10 -9 -9 -8 -8 -7 -7 -7 -7 -6 -6 -6 -6 -5 -5 -5 -5 -5 -5 -4 -4 ------- Run | Yrd Mat Min Mat Sto Mat Gar Fac Was Fac Gar Fac Was Fac Gar Fac Was Fac Gar Fac Gar Fac Gar Slots Evolved 12 | . . . 2 . 2 . 2 . . . 2 . . . 2 . . . . . 2 . Power 1 | . . . . . . . . . . . . . . . . . . . . . 1 . Propulsion 2 | . . . 1 . 1 . . . . . . . . . . . . . . . . . Utility 9 | . . . 1 . 1 . 2 . . . 2 . . . 2 . . . . . 1 . Weapon . | . . . . . . . . . . . . . . . . . . . . . . . Parts Attached 142 | 7 3 1 24 12 19 4 9 9 1 3 2 2 2 8 5 2 6 8 6 7 1 1 Power 13 | 1 . . 2 1 1 1 1 1 . . . . . 1 . . 1 2 . . 1 . Engine 5 | 1 . . 2 1 . 1 . . . . . . . . . . . . . . . . Core 3 | . . . . . 1 . 1 . . . . . . . . . 1 . . . . . Reactor 5 | . . . . . . . . 1 . . . . . 1 . . . 2 . . 1 . Propulsion 38 | 2 . . 10 7 7 . 2 3 . . . 1 . 2 1 . . . . 3 . . Treads 33 | 2 . . 9 6 7 . . 2 . . . 1 . 2 1 . . . . 3 . . Leg 1 | . . . . . . . . 1 . . . . . . . . . . . . . . Wheel 3 | . . . 1 . . . 2 . . . . . . . . . . . . . . . Hover . | . . . . . . . . . . . . . . . . . . . . . . . Flight 1 | . . . . 1 . . . . . . . . . . . . . . . . . . Utility 58 | 2 1 1 6 . 5 1 4 4 1 2 2 . 1 5 2 2 4 4 6 4 . 1 Device 11 | 1 . . . . 1 1 1 3 . . . . . 1 1 . 1 . . . . 1 Storage 4 | 1 1 . 1 . 1 . . . . . . . . . . . . . . . . . Processor 5 | . . . 1 . 2 . 1 . . . . . . . . 1 . . . . . . Hackware 27 | . . . . . . . 1 1 1 1 1 . 1 3 1 1 3 3 6 4 . . Protection 11 | . . 1 4 . 1 . 1 . . 1 1 . . 1 . . . 1 . . . . Artifact . | . . . . . . . . . . . . . . . . . . . . . . . Weapon 33 | 2 2 . 6 4 6 2 2 1 . 1 . 1 1 . 2 . 1 2 . . . . Energy Gun 9 | 1 1 . . 1 5 1 . . . . . . . . . . . . . . . . Energy Cannon 7 | . . . . 1 . . 1 1 . 1 . . 1 . 1 . . 1 . . . . Ballistic Gun 6 | 1 . . 4 1 . . . . . . . . . . . . . . . . . . Ballistic Cannon . | . . . . . . . . . . . . . . . . . . . . . . . Launcher 7 | . 1 . 1 1 1 1 . . . . . 1 . . . . . 1 . . . . Special Weapon 3 | . . . . . . . 1 . . . . . . . 1 . 1 . . . . . Impact Weapon . | . . . . . . . . . . . . . . . . . . . . . . . Slashing Weapon . | . . . . . . . . . . . . . . . . . . . . . . . Piercing Weapon 1 | . . . 1 . . . . . . . . . . . . . . . . . . . Special Melee Weapon . | . . . . . . . . . . . . . . . . . . . . . . . Unidentified Prototypes 11 | . . . . 5 . . 1 2 . . . 1 . . . . . 2 . . . . Parts Lost 30 | . . 1 6 1 2 2 . . . . . . . 1 1 . . . . 3 1 12 Power 4 | . . . 2 . . 1 . . . . . . . . . . . . . . . 1 Propulsion 7 | . . . 2 . 1 1 . . . . . . . . . . . . . 1 . 2 Utility 11 | . . . 1 . 1 . . . . . . . . 1 1 . . . . 2 1 4 Weapon 8 | . . 1 1 1 . . . . . . . . . . . . . . . . . 5 Highest Loss Streak 12 | . . 1 3 1 1 1 . . . . . . . 1 1 . . . . 1 1 12 To Critical Strikes 1 | . . . 1 . . . . . . . . . . . . . . . . . . . Average Backups 19 | 3 8 8 13 19 19 24 24 24 25 25 23 23 22 23 23 21 21 22 21 20 19 9 Power . | . 1 1 . . . . . . 1 1 1 1 1 . 1 1 1 1 1 1 . . Propulsion 2 | 1 2 2 4 7 4 3 3 2 2 2 2 1 1 1 1 1 2 . . . . . Utility 10 | . 2 3 4 5 6 11 11 12 13 15 14 14 13 15 16 14 13 15 15 14 14 7 Weapon 5 | . 2 2 4 6 7 8 8 8 8 5 5 5 6 6 4 4 3 4 4 3 4 1 Tool/Special . | . . . . . . . . . . . . . . . . . . . . . . . Unused Backups 49 | . . 1 1 6 9 2 2 1 . 8 . 2 . 4 . . . 2 . . . 11 Power 1 | . . . . . . . . . . . . . . . . . . 1 . . . . Propulsion 11 | . . . . 4 3 . . 1 . . . 2 . . . . . 1 . . . . Utility 24 | . . . 1 1 1 1 . . . 7 . . . 3 . . . . . . . 10 Weapon 10 | . . 1 . 1 4 . 1 . . 1 . . . 1 . . . . . . . 1 Tool/Special 3 | . . . . . 1 1 1 . . . . . . . . . . . . . . . Average Slot Usage (%) 91 | . 100 99 99 99 99 99 99 87 84 84 85 86 86 80 72 79 80 87 87 92 88 33 Engine 4 | . 14 14 10 11 5 3 6 . . . . . . . . . . . . . . . Reactor 2 | . . . . . . . . 5 7 7 6 6 6 6 5 5 4 3 5 5 10 3 Treads 21 | . 28 28 31 33 35 36 18 14 15 15 13 13 13 12 11 11 11 11 11 16 15 4 Device 9 | . 14 12 7 6 11 9 14 15 15 7 13 13 13 6 8 11 4 5 5 5 5 2 Storage 7 | . 14 14 11 11 9 9 7 7 7 7 6 6 6 6 5 5 5 5 5 5 5 2 Processor 7 | . . . . . 7 9 15 15 15 15 13 13 13 7 5 10 11 11 11 11 10 4 Hackware 9 | . . . . . . . . 6 7 7 6 13 13 19 16 15 22 23 26 28 25 9 Protection 7 | . . 1 14 14 8 9 6 . . 6 12 6 6 5 5 5 5 9 7 5 5 1 Energy Gun 4 | . 18 23 . . 11 16 12 7 7 1 . . . . . . . . . . . . Energy Cannon 3 | . . . . . 3 . 1 6 2 7 7 6 6 2 3 5 7 5 3 6 5 2 Ballistic Gun 3 | . 9 4 16 13 1 . . . . . . . . . . . . . . . . . Special Weapon 1 | . . . . . . . . . . . 1 . 1 5 4 5 2 4 5 3 5 . Piercing Weapon 2 | . . . 4 6 1 . . . 4 5 3 3 4 4 2 . . . . . . . Peak Build Rating 111 | 7 7 8 20 26 38 38 42 65 63 66 69 72 72 89 95 93 94 102 105 107 111 109 Average Rating 55 | 5 7 7 15 22 33 36 39 55 61 64 67 69 70 82 89 92 92 98 101 101 110 30 On Entrance 58 | . 7 7 8 20 24 35 38 42 61 63 65 68 69 72 87 86 93 93 102 102 103 108 Avg Prop Armor Cover (%) 18 | . . . 16 . . . 19 20 . . . . . . . . . . . . . . Naked Turns 56 | . . . . . . . . . . . . . . . . . . . . . . 56 Heaviest Build 147 | 13 29 30 61 64 97 101 108 114 109 119 125 121 115 124 130 126 130 140 132 135 147 . Greatest Support 140 | 40 40 40 64 69 92 80 80 140 140 140 140 140 140 140 130 130 130 130 120 120 114 3 Greatest Overweight (x) 10 | . . . 3 . 1 1 10 5 . . . . . 1 1 . . 1 1 2 1 . Average Overweight (x) . | . . . . . . 1 5 . . . . . . . . . . . 1 1 1 . Largest Inventory Capacity 25 | 8 15 15 20 20 25 25 25 25 25 25 25 25 25 25 25 25 25 25 25 25 25 25 Average Capacity 22 | 7 13 15 17 20 20 25 25 25 25 25 25 25 25 25 25 25 25 25 25 25 25 11 Most Carried 25 | 4 9 10 17 20 21 25 25 25 25 25 25 25 25 25 25 25 24 25 24 23 19 19 Average Carried 20 | 3 8 8 13 19 19 24 24 24 25 24 23 24 24 24 24 23 23 23 21 20 19 8 Final Capacity 25 | 8 15 15 20 20 25 25 25 25 25 25 25 25 25 25 25 25 25 25 25 25 25 5 Final Carried 25 | 4 9 9 13 20 21 25 25 25 25 25 25 25 24 25 23 23 23 24 19 20 19 5 Class Distribution -------------------- 33% | Mutant 31% | Bothacker-Mutant 26% | Botlord-Mutant 8% | Scavenger-Mutant Dominant Class ---------------- Mutant | -10/Materials Mutant | -10/Mines Scavenger-Mutant | -9/Materials Mutant | -9/Storage Mutant | -8/Materials Mutant | -8/Garrison Bothacker-Mutant | -7/Factory Bothacker-Mutant | -7/Waste Bothacker-Mutant | -7/Factory Bothacker-Mutant | -7/Garrison Bothacker-Mutant | -6/Factory Bothacker-Mutant | -6/Waste Bothacker-Mutant | -6/Factory Bothacker-Mutant | -6/Garrison Botlord-Mutant | -5/Factory Botlord-Mutant | -5/Waste Botlord-Mutant | -5/Factory Botlord-Mutant | -5/Garrison Botlord-Mutant | -5/Factory Botlord-Mutant | -5/Garrison Botlord-Mutant | -4/Factory Mutant | -4/Garrison Resources | -11 -10 -10 -9 -9 -8 -8 -7 -7 -7 -7 -6 -6 -6 -6 -5 -5 -5 -5 -5 -5 -4 -4 ----------- Run | Yrd Mat Min Mat Sto Mat Gar Fac Was Fac Gar Fac Was Fac Gar Fac Was Fac Gar Fac Gar Fac Gar Matter Collected 5403 | 301 463 66 915 553 546 152 115 235 30 80 . 105 50 285 125 . 171 497 315 388 . 11 Remotely . | . . . . . . . . . . . . . . . . . . . . . . . Salvage Created 9395 | 72 529 160 1164 996 1531 812 104 1170 13 275 108 78 . 540 181 . 262 386 119 764 . 131 Parts 516 | 6 34 13 96 73 92 50 1 19 1 19 1 2 . 23 6 . 10 15 8 32 . 15 Haulers Intercepted 10 | . 2 . 1 3 4 . . . . . . . . . . . . . . . . . Recyclers Shooed 8 | 2 2 . 3 1 . . . . . . . . . . . . . . . . . . Parts Field Recycled . | . . . . . . . . . . . . . . . . . . . . . . . Retrieved Matter . | . . . . . . . . . . . . . . . . . . . . . . . Parts Self-Destructed . | . . . . . . . . . . . . . . . . . . . . . . . Prevented . | . . . . . . . . . . . . . . . . . . . . . . . Parts Restored . | . . . . . . . . . . . . . . . . . . . . . . . Kills | -11 -10 -10 -9 -9 -8 -8 -7 -7 -7 -7 -6 -6 -6 -6 -5 -5 -5 -5 -5 -5 -4 -4 ------- Run | Yrd Mat Min Mat Sto Mat Gar Fac Was Fac Gar Fac Was Fac Gar Fac Was Fac Gar Fac Gar Fac Gar Combat Hostiles Destroyed 184 | . 9 3 34 18 34 20 2 4 . 6 2 . . 8 4 . 5 10 4 15 . 6 Melee 12 | . . . 1 8 . . . . . 1 . . . 2 . . . . . . . . Guns 63 | . 6 3 21 6 7 16 1 2 . 1 . . . . . . . . . . . . Cannons 61 | . . . . . 20 . . 1 . 4 1 . . 6 4 . 5 6 1 12 . 1 AOE 44 | . 3 . 12 4 7 3 . . . . . . . . . . . 4 3 3 . 5 Classes Destroyed 22 | 1 6 . 2 2 4 3 . 1 . . . 1 . . . . . 1 . . . 1 Worker 4 | . . . . 1 1 . . . . . . . . . 1 . . . 1 . . . Builder 5 | . . . 1 1 2 . . . . . . . . . . . . . 1 . . . Tunneler 5 | 3 . 1 . . . . . . . . . . . . . . . . 1 . . . Hauler 10 | . 2 . 1 3 4 . . . . . . . . . . . . . . . . . Recycler 5 | . 1 . 3 . 1 . . . . . . . . . . . . . . . . . Mechanic 1 | . . . . 1 . . . . . . . . . . . . . . . . . . Operator 9 | . 2 . 3 2 1 . . . 1 . . . . . . . . . . . . . Watcher 7 | . 2 . 2 1 2 . . . . . . . . . . . . . . . . . Swarmer 47 | . 3 . 14 4 10 4 . . . 1 . . . 2 1 . . 5 3 . . . Cutter 7 | . . . . . . 2 . . . . . . . . . . . 1 . . . 4 Saboteur 1 | . . . . . . . . . . . . . . . . . . . . . . 1 Grunt 50 | . 6 3 11 6 11 4 1 . . 1 . . . . 1 . 2 . . 4 . . Brawler 4 | . . . . . 1 1 . . . . . . . . . . 1 . . 1 . . Duelist 8 | . . . . . 2 1 . . . . . . . 4 . . . 1 . . . . Sentry 33 | . . . 9 8 5 5 . . . 1 . . . . . . . 2 . 3 . . Demolisher 1 | . . . . . . . . . . . . . . 1 . . . . . . . . Specialist 7 | . . . . . 4 . . . . . . . . . . . . . . 1 . 2 Hunter 6 | . . . . . . 1 . . . . 1 . . . . . . . 1 3 . . Programmer 14 | . . . . . . 2 1 . . 3 1 . . . 2 . 2 . . 3 . . Heavy 1 | . . . . . 1 . . . . . . . . . . . . . . . . . Compactor 4 | . . . . . . . . 4 . . . . . . . . . . . . . . Executioner 1 | . . . . . . . . . . . . . . . . . . 1 . . . . Martyr 1 | . . . . . . . . . . . . 1 . . . . . . . . . . Infiltrator 1 | . . . . . . . . . . . . . . 1 . . . . . . . . Best Kill Streak 11 | 1 3 1 6 5 11 6 1 2 1 3 1 . . 4 4 . 4 4 5 5 . 6 Combat Bots Only 7 | . 3 1 6 4 7 6 1 2 . 3 1 . . 4 3 . 4 4 3 5 . 6 Max Kills in Single Turn 6 | 1 3 1 2 4 6 3 1 1 1 1 1 1 . 1 1 . 1 4 4 1 . 2 Gunslinging 1 | . . . . . . 1 . . . . . . . . . . . . . . . . Exploded 4 | . 3 . 2 4 3 3 . . . . . . . . . . . 4 3 1 . 2 Melee 1 | . . . 1 1 . . . . . 1 . . . 1 . . . . . . . . Uniques/NPCs Destroyed . | . . . . . . . . . . . . . . . . . . . . . . . Combat | -11 -10 -10 -9 -9 -8 -8 -7 -7 -7 -7 -6 -6 -6 -6 -5 -5 -5 -5 -5 -5 -4 -4 -------- Run | Yrd Mat Min Mat Sto Mat Gar Fac Was Fac Gar Fac Was Fac Gar Fac Was Fac Gar Fac Gar Fac Gar Hostile Shots Fired 1065 | . 25 9 175 55 139 72 19 . 9 24 4 . . 46 34 . 19 59 21 136 6 213 Missed 301 | . 10 3 44 16 41 23 3 . 4 9 1 . . 9 8 . 3 17 7 43 1 59 Hits 764 | . 15 6 131 39 98 49 16 . 5 15 3 . . 37 26 . 16 42 14 93 5 154 Melee 42 | . . . . . . 6 . . . . . . . 10 . . 2 . . 2 . 22 Projectile 722 | . 15 6 131 39 98 43 16 . 5 15 3 . . 27 26 . 14 42 14 91 5 132 AOE 6 | . . . . . . 1 . . . . . . . 4 . . . . . . . 1 Critical Strikes 39 | . . . 5 1 9 2 2 . . 2 . . . 1 . . 1 . . 2 1 13 Actively Blocked 4 | . . . . . . . . . . . . . . . . . . . . . . 4 Damage Taken 13436 | . 185 98 1514 512 1519 920 305 . 39 263 74 . 5 919 479 . 339 842 237 1848 137 3201 Core 2186 | . 37 14 110 67 177 110 . . 5 31 . . . 79 50 . 35 103 41 157 . 1170 Absorbed by Shields 163 | . . . . . . . . . . . . . . . . . . 89 . . . 74 Reduced by Siege Mode 219 | . . . . . . . . . . . . . . 58 . . . 18 . 54 . 89 Redirected to Shielding 4 | . . . 4 . . . . . . . . . . . . . . . . . . . Regen/Repaired (Parts) 658 | . . . . 110 416 . . 37 . . 5 . . 54 36 . . . . . . . Core Remaining (%) 75 | 100 . 79 . 55 . 47 . . . 94 . . . 90 . . . . . 61 . . Volleys Fired 630 | 28 53 9 96 19 74 43 20 34 1 10 10 . 2 42 21 4 14 51 29 59 2 9 Largest 2 | 1 2 2 2 2 2 2 2 2 1 2 2 . 1 1 2 1 2 2 1 2 1 2 Hottest 213 | 20 80 80 46 46 161 122 122 126 61 165 130 . 5 100 185 7 185 213 100 213 100 213 Shots Fired 956 | 28 75 18 163 37 142 84 29 59 1 19 16 . 2 42 25 4 22 60 29 88 2 11 Gun 507 | 28 73 18 136 36 86 82 18 25 1 4 . . . . . . . . . . . . Cannon 282 | . . . . . 52 . 4 25 . 15 12 . . 22 20 . 16 34 6 71 1 4 Launcher 49 | . 2 . 27 1 4 2 . . . . . . . . . . . 1 2 5 . 5 Special 118 | . . . . . . . 7 9 . . 4 . 2 20 5 4 6 25 21 12 1 2 Kinetic 245 | 28 34 1 136 36 10 . . . . . . . . . . . . . . . . . Thermal 488 | . . . . . 128 82 22 50 1 19 12 . . 22 20 . 16 34 6 71 1 4 Explosive 49 | . 2 . 27 1 4 2 . . . . . . . . . . . 1 2 5 . 5 Electromagnetic 56 | . 39 17 . . . . . . . . . . . . . . . . . . . . Robot Hit Streak 17 | 4 7 4 14 13 13 16 5 9 . 4 2 . 3 12 10 5 16 8 8 17 2 6 Robot Miss Streak 9 | 2 4 2 3 1 9 3 2 2 1 6 2 . 1 4 2 . 1 6 4 5 2 3 Penetration Max . | . . . . . . . . . . . . . . . . . . . . . . . Secondary Targets 6 | . 2 . . . 1 3 . . . . . . . . . . . . . . . . Max Gunslinging Chain 1 | . 1 . . . 1 1 . . . . . . . . . . . . . . . . Shots Hit Robots 719 | 16 45 11 112 53 110 48 18 43 1 10 9 4 2 56 19 4 19 41 24 64 2 8 Core Hits 394 | 3 26 7 71 32 66 28 5 12 1 8 2 2 . 20 10 . 12 20 9 39 . 21 Critical Kills 1 | . . . . . . . . 1 . . . . . . . . . . . . . . Critical Parts Destroyed 1 | 1 . . . . . . . . . . . . . . . . . . . . . . Critical Strikes 18 | 1 . . 1 . 6 4 . 2 . 2 . . . 2 . . . . . . . . Burn 11 | . . . . . 6 4 . 1 . . . . . . . . . . . . . . Meltdown 1 | . . . . . . . . 1 . . . . . . . . . . . . . . Destroy 1 | 1 . . . . . . . . . . . . . . . . . . . . . . Impale 5 | . . . 1 . . . . . . 2 . . . 2 . . . . . . . . Melee Attacks 176 | . . . 37 39 4 9 3 . 4 14 2 4 7 44 9 . . . . . . . Impact . | . . . . . . . . . . . . . . . . . . . . . . . Slashing . | . . . . . . . . . . . . . . . . . . . . . . . Piercing 176 | . . . 37 39 4 9 3 . 4 14 2 4 7 44 9 . . . . . . . Sneak Attacks 16 | . . . 5 5 . . . . . . . 4 1 1 . . . . . . . . Combat Hostiles . | . . . . . . . . . . . . . . . . . . . . . . . Follow-up Attacks . | . . . . . . . . . . . . . . . . . . . . . . . Damage Inflicted 22204 | 215 789 157 3187 1385 3689 1264 325 935 24 342 204 240 42 1757 638 . 644 1143 561 2897 20 1746 Guns 5883 | 215 620 142 1474 445 1182 1040 325 420 . 20 . . . . . . . . . . . . Cannons 8431 | . . . . . 1753 . . 515 . 257 193 . . 895 622 . 630 896 187 2348 20 115 Explosions 5418 | . 143 . 1384 177 747 224 . . . . . . . . . . . 238 330 544 . 1631 Melee 2281 | . . . 313 735 . . . . 24 65 . 240 42 862 . . . . . . . . Ramming 191 | . 26 15 16 28 7 . . . . . 11 . . . 16 . 14 9 44 5 . . Kinetic 2546 | 215 273 . 1474 445 139 . . . . . . . . . . . . . . . . . Thermal 11279 | . . . . . 2796 1040 325 935 . 277 193 . . 895 622 . 630 896 187 2348 20 115 Explosive 5418 | . 143 . 1384 177 747 224 . . . . . . . . . . . 238 330 544 . 1631 Electromagnetic 489 | . 347 142 . . . . . . . . . . . . . . . . . . . . Impact . | . . . . . . . . . . . . . . . . . . . . . . . Slashing . | . . . . . . . . . . . . . . . . . . . . . . . Piercing 2281 | . . . 313 735 . . . . 24 65 . 240 42 862 . . . . . . . . Highest Corruption 14 | . . . . 4 . 1 . . . 1 . . . . 2 6 7 7 7 14 . 3 Average Corruption 7 | . . . . 3 . 1 . . . 1 . . . . 2 1 6 7 7 13 . 1 Corruption Purged . | . . . . . . . . . . . . . . . . . . . . . . . Corruption Blocked . | . . . . . . . . . . . . . . . . . . . . . . . Effects 175 | . . . . 17 . 1 . . . 6 . . . . 1 2 7 47 23 70 . 1 Message Errors 41 | . . . . 2 . 1 . . . 1 . . . . . . 3 11 6 17 . . Matter Fused 50 | . . . . 4 . . . . . 1 . . . . 1 . 3 16 7 18 . . Heat Flow Errors 20 | . . . . 1 . . . . . 2 . . . . . . 1 4 2 10 . . Energy Discharges 23 | . . . . 4 . . . . . 2 . . . . . 2 . 5 3 7 . . Parts Rejected 4 | . . . . 1 . . . . . . . . . . . . . . 1 2 . . Parts Fused 1 | . . . . . . . . . . . . . . . . . . . 1 . . . Data Loss (minor) 20 | . . . . . . . . . . . . . . . . . . 8 3 8 . 1 Data Loss (major) 4 | . . . . 1 . . . . . . . . . . . . . . . 3 . . Misfires 4 | . . . . 1 . . . . . . . . . . . . . 1 . 2 . . Alerts 6 | . . . . 3 . . . . . . . . . . . . . 1 . 2 . . Weapon Failures 2 | . . . . . . . . . . . . . . . . . . 1 . 1 . . Overload Shots . | . . . . . . . . . . . . . . . . . . . . . . . Overflow Damage 420 | . 7 . 60 49 39 38 . . . 50 19 37 2 24 . . . 40 24 15 . 16 Projectiles 43 | . . . . . 1 . . . . . 19 . . 4 . . . . 4 15 . . Explosions 203 | . 7 . 56 . 38 38 . . . . . . . . . . . 40 8 . . 16 Melee 174 | . . . 4 49 . . . . . 50 . 37 2 20 . . . . 12 . . . Knockbacks 1 | . . . . . . . . . . . . . . . . . . . 1 . . . Impact 1 | . . . . . . . . . . . . . . . . . . . 1 . . . Kinetic . | . . . . . . . . . . . . . . . . . . . . . . . Secondary . | . . . . . . . . . . . . . . . . . . . . . . . Self-Inflicted Damage 320 | . 34 . 24 8 . 43 . . . . . . . . . . . . 6 . . 205 Shots 11 | . 2 . 2 1 . 1 . . . . . . . . . . . . 1 . . 4 Rammed 21 | . 2 3 3 2 2 . . . . . 1 . . . 1 . 1 2 3 1 . . Targets Rammed 23 | . 3 3 3 3 2 . . . . . 1 . . . 1 . 1 2 3 1 . . Kicked . | . . . . . . . . . . . . . . . . . . . . . . . Crushed 2 | . 1 . . 1 . . . . . . . . . . . . . . . . . . Highest Temperature 340 | . 156 117 97 199 165 36 7 . . 190 . . . 340 24 . 151 191 159 229 6 198 Average Temperature 47 | . 56 39 25 36 46 12 4 . . 52 . . . 178 9 . 20 28 73 81 4 112 Received Heat Transfer 2845 | . 69 54 420 225 630 180 135 . 12 57 27 . . 57 45 . 63 129 18 264 9 451 Siege Activations 6 | . . . . . . . . . . . . . . 2 . . . 1 . 2 . 1 Total Turns 73 | . . . . . . . . . . . . . . 29 . . . 17 . 20 . 7 Longest Duration 17 | . . . . . . . . . . . . . . 16 . . . 17 . 11 . 7 Martial Activations . | . . . . . . . . . . . . . . . . . . . . . . . Shielding Activations . | . . . . . . . . . . . . . . . . . . . . . . . Robots Disrupted . | . . . . . . . . . . . . . . . . . . . . . . . Combat Hostiles . | . . . . . . . . . . . . . . . . . . . . . . . Robots Corrupted 1 | . . . . . . . . . . . . . . . . . . . 1 . . . Combat Hostiles . | . . . . . . . . . . . . . . . . . . . . . . . Parts Fried 5 | . 1 2 . . . . . . . . . . . . . . . . 2 . . . Impact Corruptions 1 | . . . . . . . . . . . . . . . . . . . 1 . . . Robots Melted 4 | . . . . . . 1 1 1 . . 1 . . . . . . . . . . . Combat Hostiles 4 | . . . . . . 1 1 1 . . 1 . . . . . . . . . . . Parts Melted 42 | . . . . . 13 4 2 3 . 1 2 . . 1 2 . 2 6 . 6 . . Heat Transferred 15682 | . . . . . 4665 2146 555 1554 . 334 259 . . 1075 661 . 697 951 225 2436 25 99 Parts Sabotaged 5 | . . . . . . . . . . . . . . . . . . . . 5 . . Parts Stolen . | . . . . . . . . . . . . . . . . . . . . . . . Parts Stripped . | . . . . . . . . . . . . . . . . . . . . . . . Power Chain Reactions . | . . . . . . . . . . . . . . . . . . . . . . . Alert | -11 -10 -10 -9 -9 -8 -8 -7 -7 -7 -7 -6 -6 -6 -6 -5 -5 -5 -5 -5 -5 -4 -4 ------- Run | Yrd Mat Min Mat Sto Mat Gar Fac Was Fac Gar Fac Was Fac Gar Fac Was Fac Gar Fac Gar Fac Gar Maximum Alert Level 5 | . . . 2 1 2 3 2 . 1 5 3 1 . 4 4 2 2 4 3 4 3 2 Low Security (%) 41 | 100 100 100 41 85 63 . 30 100 82 3 . 72 100 12 . . 6 . . . . . Level 1 13 | . . . 35 14 8 17 22 . 17 24 . 28 . 12 . . 85 11 . . . . Level 2 13 | . . . 23 . 28 37 47 . . 1 . . . 7 . 100 7 23 34 1 . 100 Level 3 18 | . . . . . . 45 . . . 30 100 . . 22 69 . . 31 65 50 100 . Level 4 11 | . . . . . . . . . . 15 . . . 45 30 . . 34 . 48 . . Level 5 1 | . . . . . . . . . . 24 . . . . . . . . . . . . High Security . | . . . . . . . . . . . . . . . . . . . . . . . Max Security . | . . . . . . . . . . . . . . . . . . . . . . . Peak Influence 1829 | 5 89 39 519 296 468 1005 527 36 275 1829 1002 337 69 1588 1416 490 456 1335 1034 1481 777 671 Initial 959 | . . . . 155 . 288 527 36 . 171 959 337 . 18 833 490 287 313 700 671 777 490 Average 471 | . 21 4 237 101 179 630 337 1 55 1009 922 122 19 990 941 449 289 851 750 1162 745 590 Influence Increases 13279 | 15 286 100 1132 612 977 737 106 2 350 1758 343 . 161 1780 1149 . 359 1402 765 900 4 341 Destroy 0b10 Robot/C 6460 | . 180 60 680 360 680 400 60 . 100 680 120 . 40 720 500 . 200 640 300 560 . 180 Destroy 0b10 Robot/NC 305 | 15 35 5 50 45 55 . 5 . 15 . 5 . 5 10 35 . . . 25 . . . Destroy Leader 940 | . 48 20 176 108 172 20 20 . 32 30 30 . 22 20 112 . 30 20 50 30 . . Allied During Kill 2609 | . . . . . . . 6 . 147 679 118 . 67 750 198 . 125 311 163 26 . 19 Successful Hack 221 | . 14 . 14 49 12 14 14 . . 24 10 . 8 . 24 . . 12 . 12 . 14 Disable Machine 540 | . . 15 60 45 15 . . . 45 . 45 . 15 . 165 . . . 135 . . . Anti-Garrison Action 1100 | . . . . . . 200 . . . 200 . . . 200 . . . 300 . 200 . . Destroy Structure 729 | . 9 . 77 5 43 28 1 2 11 145 15 . 4 65 100 . 4 14 92 57 4 53 Lose Combat Pursuer 375 | . . . 75 . . 75 . . . . . . . 15 15 . . 105 . 15 . 75 Influence Decreases 12608 | 15 286 100 764 980 533 176 1008 105 105 174 1208 964 134 219 1337 990 321 515 1141 378 784 371 Entered New Map 6255 | . . . . 213 . 156 478 67 . 74 870 627 . 9 755 910 123 135 635 288 704 211 Time Decay 3997 | 15 286 90 554 472 493 . 380 32 65 . 238 337 119 . 262 60 198 . 326 . 70 . Lost Part 300 | . . 10 60 10 20 20 . . . . . . . 10 10 . . . . 30 10 120 Lost Ally 1451 | . . . . . . . . 6 40 100 100 . 15 200 310 20 . 380 180 60 . 40 Purge Threat 605 | . . . 150 285 20 . 150 . . . . . . . . . . . . . . . Squads Dispatched 37 | . 2 . 6 . 5 . 1 . 3 . 3 . . . 6 . 3 . 8 . . . Investigation 4 | . 1 . 1 . . . . . . . . . . . . . 1 . 1 . . . Extermination 5 | . . . . . . . 1 . 1 . 1 . . . 1 . 1 . . . . . Reinforcement 21 | . 1 . 5 . 4 . . . 1 . 2 . . . 3 . . . 5 . . . Assault 2 | . . . . . . . . . . . . . . . . . . . 2 . . . Garrison 5 | . . . . . 1 . . . 1 . . . . . 2 . 1 . . . . . Intercept . | . . . . . . . . . . . . . . . . . . . . . . . Searches Triggered . | . . . . . . . . . . . . . . . . . . . . . . . Construction Impeded 4 | . . . 1 . . . . . . . 1 . . . . . . . 2 . . . Haulers Reinforced 2 | . . . . . . . . . . . . . . . 1 . . . 1 . . . Active Scanning Responses . | . . . . . . . . . . . . . . . . . . . . . . . Cargo Convoy Interrupts . | . . . . . . . . . . . . . . . . . . . . . . . Stealth | -11 -10 -10 -9 -9 -8 -8 -7 -7 -7 -7 -6 -6 -6 -6 -5 -5 -5 -5 -5 -5 -4 -4 --------- Run | Yrd Mat Min Mat Sto Mat Gar Fac Was Fac Gar Fac Was Fac Gar Fac Was Fac Gar Fac Gar Fac Gar Distress Signals 20 | . 1 . 7 1 3 . . . . . . . . . 1 . 1 2 4 . . . Communications Jammed 1 | . . . . . . . . . . . . . . . 1 . . . . . . . Distress Signals 1 | . . . . . . . . . . . . . . . 1 . . . . . . . Times Spotted 443 | . 23 3 62 22 39 21 9 6 4 26 9 . 4 40 14 5 15 47 27 30 1 36 Peak Tracking Total 23 | . 4 1 5 5 5 5 4 4 2 6 2 . 2 12 4 2 5 7 5 5 1 23 Tactical Retreats 13 | . . . 2 . . 2 . . . . . . . 1 1 1 . 3 . 1 . 2 Traps | -11 -10 -10 -9 -9 -8 -8 -7 -7 -7 -7 -6 -6 -6 -6 -5 -5 -5 -5 -5 -5 -4 -4 ------- Run | Yrd Mat Min Mat Sto Mat Gar Fac Was Fac Gar Fac Was Fac Gar Fac Was Fac Gar Fac Gar Fac Gar Traps Triggered 20 | . 1 . 1 2 . . 1 . . . 1 . . . 1 . 1 4 . 6 . 2 Indirectly . | . . . . . . . . . . . . . . . . . . . . . . . Trap Hack Attempts . | . . . . . . . . . . . . . . . . . . . . . . . Triggered . | . . . . . . . . . . . . . . . . . . . . . . . Disarmed 5 | . . . . . . . . . . . . . 5 . . . . . . . . . Reprogrammed . | . . . . . . . . . . . . . . . . . . . . . . . Reused . | . . . . . . . . . . . . . . . . . . . . . . . Traps Extracted . | . . . . . . . . . . . . . . . . . . . . . . . Installed . | . . . . . . . . . . . . . . . . . . . . . . . Triggered . | . . . . . . . . . . . . . . . . . . . . . . . Machines | -11 -10 -10 -9 -9 -8 -8 -7 -7 -7 -7 -6 -6 -6 -6 -5 -5 -5 -5 -5 -5 -4 -4 ---------- Run | Yrd Mat Min Mat Sto Mat Gar Fac Was Fac Gar Fac Was Fac Gar Fac Was Fac Gar Fac Gar Fac Gar Machines Disabled 56 | . 2 1 4 3 1 5 . . 3 4 3 . 1 3 11 . . 4 9 2 . . Max in Single Turn 2 | . 2 1 1 1 1 1 . . 1 1 1 . . 1 . . . 1 . 1 . . Garrison Access 2 | . . . . . . . 1 . . . 1 . . . . . . . . . . . Garrison Relay 17 | . . . . . . 5 . . . 4 . . . 2 . . . 4 . 2 . . Phase Generator 1 | . . . . . . . . . . . . . . . . . . 1 . . . . Machines Repaired . | . . . . . . . . . . . . . . . . . . . . . . . Machines Dismantled . | . . . . . . . . . . . . . . . . . . . . . . . Machines Sabotaged . | . . . . . . . . . . . . . . . . . . . . . . . Overloaded Fab Kills . | . . . . . . . . . . . . . . . . . . . . . . . Hacking | -11 -10 -10 -9 -9 -8 -8 -7 -7 -7 -7 -6 -6 -6 -6 -5 -5 -5 -5 -5 -5 -4 -4 --------- Run | Yrd Mat Min Mat Sto Mat Gar Fac Was Fac Gar Fac Was Fac Gar Fac Was Fac Gar Fac Gar Fac Gar Machines Accessed 65 | . 4 . 9 13 7 3 8 . 1 2 3 . 5 . 1 . 1 1 2 2 2 1 Terminals 45 | . 3 . 8 12 4 3 5 . . 2 . . 3 . 1 . . 1 . 2 . 1 Fabricators 5 | . . . . . . . 2 . . . 1 . . . . . . . 1 . 1 . Repair Stations 3 | . . . . 1 1 . . . . . 1 . . . . . . . . . . . Recycling Units 1 | . 1 . . . . . . . . . . . . . . . . . . . . . Scanalyzers 3 | . . . 1 . 1 . . . . . . . 1 . . . . . . . . . Garrison Access 8 | . . . . . 1 . 1 . 1 . 1 . 1 . . . 1 . 1 . 1 . Total Hacks 152 | . 6 . 22 44 18 9 15 . 1 4 7 . 8 . 2 . 1 3 3 4 3 2 Successful 74 | . 2 . 9 27 9 1 7 . 1 2 4 . 3 . 1 . 1 1 3 1 1 1 Failed 77 | . 4 . 12 17 9 8 8 . . 2 3 . 5 . 1 . . 2 . 3 2 1 Catastrophic 14 | . . . 1 2 4 . 1 . . 1 . . 3 . . . . 1 . . 1 . Database Lockouts 1 | . . . 1 . . . . . . . . . . . . . . . . . . . Manual 75 | . 5 . 19 31 7 3 3 . . 1 . . 3 . . . . 2 1 . . . Terminals 113 | . 5 . 19 41 10 9 9 . . 4 . . 5 . 2 . . 3 . 4 . 2 Fabricators 10 | . . . . . . . 4 . . . 2 . . . . . . . 2 . 2 . Repair Stations 10 | . . . . 3 4 . . . . . 3 . . . . . . . . . . . Recycling Units 1 | . 1 . . . . . . . . . . . . . . . . . . . . . Scanalyzers 7 | . . . 3 . 2 . . . . . . . 2 . . . . . . . . . Garrison Access 11 | . . . . . 2 . 2 . 1 . 2 . 1 . . . 1 . 1 . 1 . Terminal Hacks 29 | . . . 2 14 2 1 3 . . 2 . . 1 . 1 . . 1 . 1 . 1 Prototype ID Bank 5 | . . . . 5 . . . . . . . . . . . . . . . . . . Open Door 5 | . . . . 5 . . . . . . . . . . . . . . . . . . Emergency Access Points 4 | . . . . . . . . . . 1 . . . . . . . 1 . 1 . 1 Terminal Index 1 | . . . 1 . . . . . . . . . . . . . . . . . . . Unreport Threat 6 | . . . 1 3 1 . 1 . . . . . . . . . . . . . . . Locate Traps 2 | . . . . 1 . . 1 . . . . . . . . . . . . . . . Disarm Traps 1 | . . . . . . . . . . . . . 1 . . . . . . . . . Hauler Manifests 1 | . . . . . . . 1 . . . . . . . . . . . . . . . Registered Components 1 | . . . . . . . . . . . . . . . 1 . . . . . . . Zone Layout 1 | . . . . . 1 . . . . . . . . . . . . . . . . . Garrison Registry 1 | . . . . . . 1 . . . . . . . . . . . . . . . . Security Stations 1 | . . . . . . . . . . 1 . . . . . . . . . . . . Fabricator Hacks 3 | . . . . . . . 1 . . . 1 . . . . . . . 1 . . . Network Status 2 | . . . . . . . . . . . 1 . . . . . . . 1 . . . Build 1 | . . . . . . . 1 . . . . . . . . . . . . . . . Repair Station Hacks 7 | . . . . 2 4 . . . . . 1 . . . . . . . . . . . Scan Component 4 | . . . . 1 2 . . . . . 1 . . . . . . . . . . . Repair 3 | . . . . 1 2 . . . . . . . . . . . . . . . . . Recycling Unit Hacks 1 | . 1 . . . . . . . . . . . . . . . . . . . . . Retrieve Components 1 | . 1 . . . . . . . . . . . . . . . . . . . . . Scanalyzer 5 | . . . 2 . 2 . . . . . . . 1 . . . . . . . . . Retrieve Study 5 | . . . 2 . 2 . . . . . . . 1 . . . . . . . . . Garrison Access Hacks 10 | . . . . . 1 . 2 . 1 . 2 . 1 . . . 1 . 1 . 1 . Unlock Access 6 | . . . . . 1 . . . 1 . . . 1 . . . 1 . 1 . 1 . Seal Access 2 | . . . . . . . 1 . . . 1 . . . . . . . . . . . Coupler Status 2 | . . . . . . . 1 . . . 1 . . . . . . . . . . . Unauthorized Hacks 19 | . 1 . 5 11 . . 1 . . . . . . . . . . . 1 . . . Terminals 18 | . 1 . 5 11 . . 1 . . . . . . . . . . . . . . . Assimilate 1 | . . . . . . . 1 . . . . . . . . . . . . . . . Botnet 5 | . . . 1 4 . . . . . . . . . . . . . . . . . . Operators 2 | . . . 1 1 . . . . . . . . . . . . . . . . . . Skim 10 | . 1 . 3 6 . . . . . . . . . . . . . . . . . . Fabricators 1 | . . . . . . . . . . . . . . . . . . . 1 . . . Liberate 1 | . . . . . . . . . . . . . . . . . . . 1 . . . Repair Stations . | . . . . . . . . . . . . . . . . . . . . . . . Recycling Units . | . . . . . . . . . . . . . . . . . . . . . . . Scanalyzers . | . . . . . . . . . . . . . . . . . . . . . . . Garrison Access . | . . . . . . . . . . . . . . . . . . . . . . . Data Cores Recovered 2 | . 1 . . 1 . . . . . . . . . . . . . . . . . . Used 1 | . 1 . . . . . . . . . . . . . . . . . . . . . Hacking Detections 52 | . 2 . 9 10 5 3 7 . . 2 3 . 4 . 1 . . 1 2 2 1 . Full Trace Events . | . . . . . . . . . . . . . . . . . . . . . . . Feedback Events . | . . . . . . . . . . . . . . . . . . . . . . . Feedback Blocked . | . . . . . . . . . . . . . . . . . . . . . . . Robot Schematics Acquired . | . . . . . . . . . . . . . . . . . . . . . . . Robots Built 3 | . . . . . . . 3 . . . . . . . . . . . . . . . Authchips . | . . . . . . . . . . . . . . . . . . . . . . . Time 134 | . . . . . . . 134 . . . . . . . . . . . . . . . Total Robot Build Rating 12 | . . . . . . . 12 . . . . . . . . . . . . . . . Part Schematics Acquired . | . . . . . . . . . . . . . . . . . . . . . . . Parts Built . | . . . . . . . . . . . . . . . . . . . . . . . Authchips . | . . . . . . . . . . . . . . . . . . . . . . . Time . | . . . . . . . . . . . . . . . . . . . . . . . Total Part Build Rating . | . . . . . . . . . . . . . . . . . . . . . . . Part Studies Acquired 5 | . . . 2 . 2 . . . . . . . 1 . . . . . . . . . Parts Repaired 3 | . . . . 1 2 . . . . . . . . . . . . . . . . . Time 150 | . . . . 32 118 . . . . . . . . . . . . . . . . . Parts Recycled . | . . . . . . . . . . . . . . . . . . . . . . . Recycled Matter . | . . . . . . . . . . . . . . . . . . . . . . . Retrieved Matter . | . . . . . . . . . . . . . . . . . . . . . . . Retrieved Components 9 | . 9 . . . . . . . . . . . . . . . . . . . . . Parts Scanalyzed . | . . . . . . . . . . . . . . . . . . . . . . . Part Schematics Acquired . | . . . . . . . . . . . . . . . . . . . . . . . Parts Damaged . | . . . . . . . . . . . . . . . . . . . . . . . Bothacking | -11 -10 -10 -9 -9 -8 -8 -7 -7 -7 -7 -6 -6 -6 -6 -5 -5 -5 -5 -5 -5 -4 -4 ------------ Run | Yrd Mat Min Mat Sto Mat Gar Fac Was Fac Gar Fac Was Fac Gar Fac Was Fac Gar Fac Gar Fac Gar Used RIF Installer 7 | . . . . . . 2 . . . 1 . . . 1 . . . 2 . 1 . . Command Fork 1 | . . . . . . 1 . . . . . . . . . . . . . . . . Zone Cloak 2 | . . . . . . . . . . . . . . . . . . 2 . . . . Robot Detection 1 | . . . . . . . . . . 1 . . . . . . . . . . . . Watcher Feeds 1 | . . . . . . . . . . . . . . . . . . . . 1 . . Structural Interface 1 | . . . . . . . . . . . . . . 1 . . . . . . . . Robots Hacked 61 | . . . . . . . 3 6 . . 2 . 1 7 5 4 5 8 12 5 1 2 Non-combat 6 | . . . . . . . . . . . 1 . 1 . 1 . . . 3 . . . Combat 55 | . . . . . . . 3 6 . . 1 . . 7 4 4 5 8 9 5 1 2 Robot Hacks Applied 65 | . . . . . . . 3 6 . . 2 . 1 7 5 4 6 8 13 7 1 2 find_chute 2 | . . . . . . . . . . . 1 . . . 1 . . . . . . . drop_inventory 2 | . . . . . . . . . . . . . . . . . . . 2 . . . redirect_shields 1 | . . . . . . . . . . . . . . . . . . . 1 . . . ignore_targets 10 | . . . . . . . . 6 . . . . . . . 4 . . . . . . find_garrison 2 | . . . . . . . . . . . . . . . . . 1 . 1 . . . focus_fire 2 | . . . . . . . 1 . . . . . . . 1 . . . . . . . mark_system 1 | . . . . . . . . . . . . . . . . . . . . 1 . . amplify_resonance 2 | . . . . . . . . . . . . . . 1 . . . . . 1 . . reboot_system 3 | . . . . . . . . . . . . . . 2 . . . . 1 . . . go_dormant 1 | . . . . . . . . . . . . . . . . . . . . . 1 . overwrite_iff 5 | . . . . . . . . . . . . . . . . . . . . 3 . 2 streamctrl_high 1 | . . . . . . . . . . . . . . . . . . . . 1 . . formatsys_high 33 | . . . . . . . 2 . . . 1 . 1 4 3 . 5 8 8 1 . . Relay Couplers Released 66 | . . . . . . 19 . . . 15 . . . 10 . . . 15 . 7 . . Machine Destruction 66 | . . . . . . 19 . . . 15 . . . 10 . . . 15 . 7 . . Attached 25 | . . . . . . . 1 1 . 1 1 . . 3 1 1 3 3 6 4 . . Fabnet Peak Effective % . | . . . . . . . . . . . . . . . . . . . . . . . Robots Rewired 12 | . . . . . . . . . . . . . . 5 . . . 7 . . . . Allies Hacked . | . . . . . . . . . . . . . . . . . . . . . . . Hacks Repelled . | . . . . . . . . . . . . . . . . . . . . . . . Allies | -11 -10 -10 -9 -9 -8 -8 -7 -7 -7 -7 -6 -6 -6 -6 -5 -5 -5 -5 -5 -5 -4 -4 -------- Run | Yrd Mat Min Mat Sto Mat Gar Fac Was Fac Gar Fac Was Fac Gar Fac Was Fac Gar Fac Gar Fac Gar Total Allies 104 | . . . . . . . 6 19 . . 2 20 1 12 3 1 6 18 9 4 . 3 Largest Group 30 | . . . . . . . 6 22 22 18 13 27 27 30 16 1 6 10 7 3 1 3 Highest-Rated Group 1154 | . . . . . . . 118 527 527 471 361 1024 1000 1154 602 31 204 336 360 232 85 204 Highest-Rated Ally 142 | . . . . . . . 26 35 35 35 35 50 46 85 49 31 47 99 142 142 85 85 Total Orders 1 | . . . . . . . . . . . . . . 1 . . . . . . . . STAY 1 | . . . . . . . . . . . . . . 1 . . . . . . . . Ally Attacks 898 | . . . . . . . 21 60 50 93 32 . 28 138 103 22 52 157 93 41 . 8 Total Damage 24198 | . . . . . . . 198 1195 493 3078 836 . 477 3509 4648 271 949 3789 2603 1660 . 492 Kills 166 | . . . . . . . 2 2 9 29 6 . 3 28 29 . 5 24 13 13 . 3 Allies Corrupted 4 | . . . . . . . . . . . 1 . 1 . 1 . . . 1 . . . Allies Melted 3 | . . . . . . . . . . . . . . . 1 . . 1 . . . 1 Intel | -11 -10 -10 -9 -9 -8 -8 -7 -7 -7 -7 -6 -6 -6 -6 -5 -5 -5 -5 -5 -5 -4 -4 ------- Run | Yrd Mat Min Mat Sto Mat Gar Fac Was Fac Gar Fac Was Fac Gar Fac Was Fac Gar Fac Gar Fac Gar Active Infowar (turns) 16930 | 52 974 853 1236 1000 1074 23 888 828 369 849 518 1000 467 1718 566 139 407 1522 731 1549 140 27 Seismic 9330 | 52 974 853 1236 1000 1074 23 786 783 369 29 518 1000 467 166 . . . . . . . . Machine Analysis 11718 | . . . . . . . 888 828 369 849 518 1000 467 1718 566 139 407 1522 731 1549 140 27 Jamming 534 | . . . . . . . . . . . . . . . 312 139 83 . . . . . Robot Analysis Total . | . . . . . . . . . . . . . . . . . . . . . . . Derelict Logs Recovered 2 | . . 2 . . . . . . . . . . . . . . . . . . . . Drone Launches . | . . . . . . . . . . . . . . . . . . . . . . . Drone Recoveries . | . . . . . . . . . . . . . . . . . . . . . . . Exploration | -11 -10 -10 -9 -9 -8 -8 -7 -7 -7 -7 -6 -6 -6 -6 -5 -5 -5 -5 -5 -5 -4 -4 ------------- Run | Yrd Mat Min Mat Sto Mat Gar Fac Was Fac Gar Fac Was Fac Gar Fac Was Fac Gar Fac Gar Fac Gar Turns Passed 20327 | 192 974 969 1894 1572 2014 938 888 828 369 849 518 1000 467 1718 566 139 407 1522 731 1549 140 83 Spaces Moved 9192 | 79 447 576 910 819 852 280 466 411 199 460 278 343 272 687 269 80 204 629 258 515 54 104 Core 107 | 3 . . . . . . . . . . . . . . . . . . . . . 104 Treads 8476 | 76 447 576 792 819 852 280 39 347 199 460 278 343 272 687 269 80 204 629 258 515 54 . Legs . | . . . . . . . . . . . . . . . . . . . . . . . Wheels 609 | . . . 118 . . . 427 64 . . . . . . . . . . . . . . Hover . | . . . . . . . . . . . . . . . . . . . . . . . Flight . | . . . . . . . . . . . . . . . . . . . . . . . Fastest Speed 50 | 50 160 160 110 150 160 247 140 140 160 160 160 160 160 160 165 165 165 165 250 250 250 50 Average Speed 173 | 155 160 160 152 155 163 247 171 158 160 160 160 160 160 168 169 165 165 210 250 250 250 50 Slowest Speed 330 | 160 160 160 160 160 247 250 250 240 160 160 160 160 160 250 250 165 165 250 250 330 250 50 Overloaded Moves . | . . . . . . . . . . . . . . . . . . . . . . . Propulsion Burnouts . | . . . . . . . . . . . . . . . . . . . . . . . Robots Hopped . | . . . . . . . . . . . . . . . . . . . . . . . Potential Cave-ins . | . . . . . . . . . . . . . . . . . . . . . . . Cave-ins Triggered . | . . . . . . . . . . . . . . . . . . . . . . . Exploration Rate (%) 48 | 7 59 98 85 90 65 41 15 93 9 68 10 87 9 74 8 77 7 85 12 69 2 37 Regions Visited 22 Branch Regions 2 Pre-discovered Areas 6 | . . 2 . 4 . . . . . . . . . . . . . . . . . . Known Exits Taken 6 | . . . . . 1 . . . 1 . . . 1 . . . 1 . 1 . 1 . Unknown Exits Taken 5 | 1 1 1 1 1 . . . . . . . . . . . . . . . . . . Scrap Searched 3 | . . 3 . . . . . . . . . . . . . . . . . . . . Spaces Dug 79 | . 5 . 20 3 12 2 1 . 2 . 2 . 4 1 11 . . 16 . . . . Terrain Destroyed 318 | . 9 . 108 3 50 9 1 2 2 . 2 . 4 1 12 . 2 17 22 18 . 56 Melee 42 | . . . 20 3 3 . 1 . 2 . 2 . 4 1 6 . . . . . . . Projectile 16 | . . . . . . . . 2 . . . . . . 6 . 2 1 . 5 . . AOE 260 | . 9 . 88 . 47 9 . . . . . . . . . . . 16 22 13 . 56 Terrain Rammed . | . . . . . . . . . . . . . . . . . . . . . . . Walls Destroyed . | . . . . . . . . . . . . . . . . . . . . . . . Machines Disabled . | . . . . . . . . . . . . . . . . . . . . . . . Actions | -11 -10 -10 -9 -9 -8 -8 -7 -7 -7 -7 -6 -6 -6 -6 -5 -5 -5 -5 -5 -5 -4 -4 --------- Run | Yrd Mat Min Mat Sto Mat Gar Fac Was Fac Gar Fac Was Fac Gar Fac Was Fac Gar Fac Gar Fac Gar Total 12392 | 117 625 602 1218 1048 1305 430 526 536 244 543 336 791 297 1159 342 86 249 773 319 666 57 123 Wait 1789 | . 107 6 92 108 293 69 6 61 37 31 33 435 6 349 28 . 17 45 17 49 . . Move 9179 | 78 446 575 909 818 852 279 466 410 199 459 278 342 272 686 269 79 204 628 258 514 54 104 Hop . | . . . . . . . . . . . . . . . . . . . . . . . Pick Up 135 | 4 5 2 16 16 20 11 8 4 . 10 3 2 2 10 1 1 2 11 . 7 . . Fast Attach 48 | 7 . . 2 8 4 1 2 4 1 1 . 2 . 2 1 . . 3 1 9 . . Attach 52 | . . 1 9 . 4 2 3 1 . 2 2 . 1 3 2 2 2 5 2 5 1 5 Detach 14 | . . . 2 1 1 . . 2 1 1 . . 1 1 . . . 3 . 1 . . Swap 195 | . 10 5 37 18 29 10 10 8 1 5 4 1 3 13 7 . 5 10 6 12 . 1 Drop 122 | . 1 1 15 18 22 6 7 12 . 10 2 5 3 8 3 . . 8 . 1 . . Fire 630 | 28 53 9 96 19 74 43 20 34 1 10 10 . 2 42 21 4 14 51 29 59 2 9 Melee 176 | . . . 37 39 4 9 3 . 4 14 2 4 7 44 9 . . . . . . . Ram . | . . . . . . . . . . . . . . . . . . . . . . . Kick . | . . . . . . . . . . . . . . . . . . . . . . . Crush 23 | . 3 3 3 3 2 . . . . . 1 . . . 1 . 1 2 3 1 . . Escape Stasis 16 | . . . . . . . . . . . . . . . . . . 4 . 8 . 4 Rewire 13 | . . . . . . . 1 . . . 1 . . 1 . . 4 3 3 . . . Trap . | . . . . . . . . . . . . . . . . . . . . . . . Miscellaneous . | . . . . . . . . . . . . . . . . . . . . . . . Route ------- -11/Scrapyard -10/Materials (discovered 3 exits: *Mat x2 / [*Min]) -10/Mines (discovered 2 exits: *Mat x2) -9/Materials (discovered 6 exits: *Mat x3 / *Min x2 / *Sto) -9/Storage -8/Materials (discovered 4 exits: *Fac x3 / Gar) -8/Garrison (discovered 3 exits: *Fac x3) -7/Factory -7/Waste -7/Factory -7/Garrison (discovered 2 exits: *Fac x2) -6/Factory -6/Waste -6/Factory -6/Garrison (discovered 3 exits: *Fac x3) -5/Factory -5/Waste -5/Factory (discovered 2 exits: *Fac / Gar) -5/Garrison (discovered 3 exits: *Fac x3) -5/Factory (discovered 2 exits: *Fac / Gar) -5/Garrison (discovered 3 exits: *Fac x3) -4/Factory -4/Garrison History --------- Turn | Location | Event 17 | -11/Scrapyard | Discovered new exit (range 15) 193 | -11/Scrapyard | Entered Materials 319 | -10/Materials | Build established: Mutant 480 | -10/Materials | Discovered new exit (range 10) 757 | -10/Materials | Discovered new exit (range 6) 820 | -10/Materials | Discovered new exit (range 14) 1167 | -10/Materials | Entered Mines 1176 | -10/Mines | Met a Derelict bent on vengeance 1274 | -10/Mines | Learned location of Storage (-9) 1350 | -10/Mines | Discovered new exit (range 4) 1542 | -10/Mines | Discovered new exit (range 10) 1590 | -10/Mines | Deemed a non-threat by the Exiles lab entrance 1932 | -10/Mines | A weapon hastily lodged in a ceiling crevice suddenly fell to the ground 2136 | -10/Mines | Entered Materials 2136 | -9/Materials | Evolved 2 slots: Propulsion x1, Utility x1 2436 | -9/Materials | Discovered new exit (range 12) 2626 | -9/Materials | Discovered new exit (range 6) 2827 | -9/Materials | Discovered new exit (range 16) 2853 | -9/Materials | Central database locked down 3030 | -9/Materials | Build established: Scavenger-Mutant 3244 | -9/Materials | Lost 3 parts (1n1u1w) 3297 | -9/Materials | Discovered new exit (range 13) 3731 | -9/Materials | Identified exit to Mines 3902 | -9/Materials | Discovered exit to Mines (range 13) 4022 | -9/Materials | Discovered new exit (range 5) 4030 | -9/Materials | Entered Storage 4524 | -9/Storage | Discovered new exit (range 11) 4551 | -9/Storage | Build established: Mutant 5109 | -9/Storage | Learned location of Zion (-7) 5130 | -9/Storage | Repaired Hrd. Light Armor Plating 5221 | -9/Storage | Learned Materials stockpile data 5258 | -9/Storage | Learned location of Mines (-9) 5602 | -9/Storage | Entered Materials 5602 | -8/Materials | Evolved 2 slots: Propulsion x1, Utility x1 5930 | -8/Materials | Discovered new exit (range 11) 6948 | -8/Materials | Garrison activated, responded to threat 7008 | -8/Materials | Destroyed 7 combat bots 7192 | -8/Materials | Repaired Ion Burst Cannon 7231 | -8/Materials | Repaired Arm. Treads 7424 | -8/Materials | Discovered new exit (range 15) 7572 | -8/Materials | Discovered new exit (range 15) 7616 | -8/Materials | Identified exit to Garrison 7616 | -8/Materials | Entered Garrison 7700 | -8/Garrison | Discovered new exit (range 52) 7700 | -8/Garrison | Discovered new exit (range 67) 7700 | -8/Garrison | Discovered new exit (range 43) 7754 | -8/Garrison | Triggered checkpoint 7780 | -8/Garrison | Garrison Relay disabled 7911 | -8/Garrison | Installed Relay Interface Framework 8058 | -8/Garrison | Triggered checkpoint 8229 | -8/Garrison | Expanded RIF knowledge: Command Fork 8284 | -8/Garrison | Garrison Relay disabled 8292 | -8/Garrison | Core integrity fell below 50% 8360 | -8/Garrison | Garrison Relay disabled 8381 | -8/Garrison | Garrison Relay disabled 8410 | -8/Garrison | Garrison Relay disabled 8554 | -8/Garrison | Entered Factory 8554 | -7/Factory | Evolved 2 slots: Utility x2 8652 | -7/Factory | Build established: Bothacker-Mutant 9168 | -7/Factory | Fabricated B-48 Gladiator? 9442 | -7/Factory | Sucked down chute 9442 | -7/Factory | Entered Waste 9461 | -7/Waste | Spotted C-40 Crusher 9481 | -7/Waste | Spotted C-40 Crusher 9487 | -7/Waste | 6 allies followed down the chute 9488 | -7/Waste | Spotted C-40 Crusher 9490 | -7/Waste | Spotted C-40 Crusher 9506 | -7/Waste | Spotted C-40 Crusher 9544 | -7/Waste | Spotted C-40 Crusher 9557 | -7/Waste | Destroyed C-40 Crusher 9586 | -7/Waste | Destroyed C-40 Crusher 9619 | -7/Waste | Destroyed C-40 Crusher 9628 | -7/Waste | Destroyed C-40 Crusher 9657 | -7/Waste | Discovered new exit (range 15) 9974 | -7/Waste | Warlord forces began an assault 10270 | -7/Waste | Entered Factory 10270 | -7/Factory | Accompanied by 22 allies 10573 | -7/Factory | Garrison activated, responded to threat 10598 | -7/Factory | Lost 3 allies 10612 | -7/Factory | Identified exit to Garrison 10639 | -7/Factory | Entered Garrison 10639 | -7/Garrison | Accompanied by 18 allies 10667 | -7/Garrison | Triggered checkpoint 10684 | -7/Garrison | Learned Factory security intel 10706 | -7/Garrison | Garrison Relay disabled 10872 | -7/Garrison | Triggered checkpoint 10877 | -7/Garrison | Triggered checkpoint 10946 | -7/Garrison | Discovered new exit (range 13) 10993 | -7/Garrison | Triggered checkpoint 11002 | -7/Garrison | Garrison Relay disabled 11060 | -7/Garrison | Garrison Relay disabled 11107 | -7/Garrison | Triggered checkpoint 11149 | -7/Garrison | Triggered checkpoint 11201 | -7/Garrison | Expanded RIF knowledge: Robot Detection 11281 | -7/Garrison | Triggered checkpoint 11292 | -7/Garrison | Garrison Relay disabled 11431 | -7/Garrison | Triggered checkpoint 11450 | -7/Garrison | Discovered new exit (range 11) 11488 | -7/Garrison | Entered Factory 11488 | -6/Factory | Accompanied by 12 allies 11488 | -6/Factory | Evolved 2 slots: Utility x2 11867 | -6/Factory | Lost 3 allies 11916 | -6/Factory | Lost 3 allies 12006 | -6/Factory | Sucked down chute 12006 | -6/Factory | Entered Waste 12007 | -6/Waste | Joined by Warlord forces that had cleared the area 12211 | -6/Waste | 2 allies followed down the chute 12281 | -6/Waste | 11 allies followed down the chute 12535 | -6/Waste | Found Prototype Launcher 12535 | -6/Waste | Identified Tesla Bomb Launcher 12657 | -6/Waste | Discovered new exit (range 16) 13006 | -6/Waste | Entered Factory 13006 | -6/Factory | Accompanied by 26 allies 13470 | -6/Factory | Identified exit to Garrison 13473 | -6/Factory | Entered Garrison 13473 | -6/Garrison | Accompanied by 25 allies 13506 | -6/Garrison | Found embedded Infiltrators 13611 | -6/Garrison | Triggered checkpoint 13617 | -6/Garrison | Garrison Relay disabled 13769 | -6/Garrison | Lost 7 allies 13937 | -6/Garrison | Triggered checkpoint 13937 | -6/Garrison | Triggered checkpoint 14009 | -6/Garrison | Triggered checkpoint 14077 | -6/Garrison | Discovered new exit (range 11) 14082 | -6/Garrison | Spotted B-86 Titan 14084 | -6/Garrison | Spotted B-75 Beast 14089 | -6/Garrison | Rewired B-75 Beast 14093 | -6/Garrison | Allies destroyed B-86 Titan 14094 | -6/Garrison | Allies destroyed B-75 Beast 14329 | -6/Garrison | Triggered checkpoint 14379 | -6/Garrison | Triggered checkpoint 14409 | -6/Garrison | Triggered checkpoint 14431 | -6/Garrison | Garrison Relay disabled 14457 | -6/Garrison | P-60 Hacker assimilated allied S2-FO6(x) 14672 | -6/Garrison | Discovered new exit (range 13) 14829 | -6/Garrison | Triggered checkpoint 14879 | -6/Garrison | Expanded RIF knowledge: Structural Interface 14933 | -6/Garrison | Discovered new exit (range 3) 15177 | -6/Garrison | Build established: Botlord-Mutant 15191 | -6/Garrison | Entered Factory 15191 | -5/Factory | Accompanied by 16 allies 15191 | -5/Factory | Evolved 2 slots: Utility x2 15558 | -5/Factory | Garrison activated, responded to threat 15634 | -5/Factory | Discovered new exit (range 8) 15707 | -5/Factory | Lost 6 allies 15757 | -5/Factory | Sucked down chute 15757 | -5/Factory | Entered Waste 15758 | -5/Waste | Met a frightened Derelict 15772 | -5/Waste | EMP discharged 15781 | -5/Waste | Spotted C-40 Crusher 15783 | -5/Waste | Spotted C-40 Crusher 15793 | -5/Waste | Spotted C-40 Crusher 15800 | -5/Waste | Spotted C-40 Crusher 15810 | -5/Waste | Spotted C-40 Crusher 15872 | -5/Waste | EMP discharged 15881 | -5/Waste | Discovered new exit (range 10) 15896 | -5/Waste | Entered Factory 16142 | -5/Factory | Discovered new exit (range 4) 16260 | -5/Factory | Garrison activated, responded to threat 16289 | -5/Factory | Identified exit to Garrison 16303 | -5/Factory | Entered Garrison 16303 | -5/Garrison | Accompanied by 6 allies 16336 | -5/Garrison | Spotted Executioner 16337 | -5/Garrison | Spotted Striker 16360 | -5/Garrison | Allies destroyed Striker 16364 | -5/Garrison | Destroyed Executioner 16408 | -5/Garrison | Rewired Striker 16410 | -5/Garrison | Found Prototype Processor 16572 | -5/Garrison | Garrison Relay disabled 16623 | -5/Garrison | Triggered checkpoint 16623 | -5/Garrison | Triggered checkpoint 16659 | -5/Garrison | Lost 3 allies 16709 | -5/Garrison | Triggered checkpoint 16755 | -5/Garrison | Discovered new exit (range 13) 16918 | -5/Garrison | Garrison Relay disabled 16925 | -5/Garrison | Triggered checkpoint 17035 | -5/Garrison | Triggered checkpoint 17041 | -5/Garrison | Triggered checkpoint 17085 | -5/Garrison | Lost 6 allies 17085 | -5/Garrison | Garrison Relay disabled 17125 | -5/Garrison | Phase Generator disabled 17134 | -5/Garrison | Met a derelict Sapper fleeing the area 17144 | -5/Garrison | Discovered new exit (range 13) 17199 | -5/Garrison | Triggered checkpoint 17230 | -5/Garrison | Expanded RIF knowledge: Zone Cloak 17295 | -5/Garrison | Triggered checkpoint 17320 | -5/Garrison | Garrison Relay disabled 17699 | -5/Garrison | Discovered new exit (range 12) 17727 | -5/Garrison | Expanded RIF knowledge: Zone Cloak 17825 | -5/Garrison | Entered Factory 17825 | -5/Factory | Accompanied by 3 allies 18125 | -5/Factory | First assault squad dispatched 18269 | -5/Factory | Lost 3 allies 18370 | -5/Factory | Discovered new exit (range 7) 18534 | -5/Factory | Lost 5 allies 18547 | -5/Factory | Identified exit to Garrison 18556 | -5/Factory | Entered Garrison 18556 | -5/Garrison | Accompanied by 2 allies 18614 | -5/Garrison | System corruption reached 10% 18856 | -5/Garrison | Triggered checkpoint 18896 | -5/Garrison | Garrison Relay disabled 18994 | -5/Garrison | Triggered checkpoint 19089 | -5/Garrison | Garrison Relay disabled 19114 | -5/Garrison | Expanded RIF knowledge: Watcher Feeds 19284 | -5/Garrison | Spotted B-75 Beast 19296 | -5/Garrison | Triggered checkpoint 19301 | -5/Garrison | Hijacked Beast 6a control node with streamctrl_high 19323 | -5/Garrison | Assimilated Beast 6b with formatsys_high 19346 | -5/Garrison | Triggered checkpoint 19452 | -5/Garrison | Triggered checkpoint 19586 | -5/Garrison | Discovered new exit (range 10) 19798 | -5/Garrison | Discovered new exit (range 8) 20063 | -5/Garrison | Discovered new exit (range 9) 20105 | -5/Garrison | Entered Factory 20105 | -4/Factory | Accompanied by 1 ally 20105 | -4/Factory | Evolved 2 slots: Power x1, Utility x1 20211 | -4/Factory | Spotted B-86 Titan 20245 | -4/Factory | Identified exit to Garrison 20245 | -4/Factory | Entered Garrison 20245 | -4/Garrison | Accompanied by 1 ally 20270 | -4/Garrison | P-70 Sage assimilated allied X-77 Beamer 20272 | -4/Garrison | Released all parts (8) 20292 | -4/Garrison | Spotted B-86 Titan 20302 | -4/Garrison | Lost 12 parts (1p2n4u5w) 20307 | -4/Garrison | Triggered checkpoint 20308 | -4/Garrison | Lost 3 allies 20310 | -4/Garrison | Core integrity fell below 50% 20319 | -4/Garrison | Core integrity fell below 20% 20328 | -4/Garrison | Destroyed by G-67 Veteran with Plasma Rifle Last Messages --------------- 20300_ Connecting with Garrison Terminal... >>Access(Emergency) Found 50 emergency access points. Map updated. 20306_ Knocked back. 20306_ Penetrated by Slug. 20307_ Beams of light sweep through the air. An alarm sounds. Garrison Door activated. 20311_ G-67 Veteran suffers critical hit (Burn). 20314_ Triggered Stasis Trap. 20314_ A bubble of rippling energy engulfs the area. 20314_ Field strength at 94. 20315_ Field strength at 88. 20315_ C-45 Heavy ARC bursts open, deploying its payload. 20315_ S-27 Virus unfolds itself. 20316_ Field strength at 73. 20317_ Field strength at 47. 20318_ Field strength at 34. 20319_ Stasis field depleted. 20327_ S-27 Virus destroyed. Map ----- +----------------------------------------------------+ | ?????????????????????????????????????????????????? | | ?????????????+???????????????????????????????????? | | ?????????????????????????????????????????????????? | | ?????????????????????????????????????????????????? | | ?????????????????????????????????????????????????? | | ?????????????????????++??????????????????????????? | | ?????????????????????????????????????????????????? | | ?????????????????????????????????????????????????? | | ? ??????????????????????????????????????????????? | | ? ???????????+??????????????????????????????????? | | ? #?????????????????????????????????????????????? | | ? #??????? #??????????????????????????????????? | | # ##""""## #??????????????????????????????????? | | #??????????????????????????????????? | | +??????????????????????????????????? | | +??????????????????????????????????? | | ## ## #??????????????????????????????????? | | ## ## ###????????????????????????????????? | | #????????????????????????????????? | | #????????????????????????????????? | | #?#??????????????????????????????? | | % +? ?????????????##???????????????? | | "" ## #??? ???????????"BB"""?????????????? | | #" ## ####+##########""BB""" ""?????????? | | g ????????? | | " p% @ ????????? | | "% l% gpg ## ! ????????? | | #"### ##//#####+###s #??? ????????? | | # #?# #???????# #?#s #????? ?????????? | | # #?#/####???????# #?# #??????? ?????????? | | # ### #??????????# #?# #????????? ??????????? | | # #??????????# #?# #??????????? ??????????? | | # #####??????????# #?#[ #???????????????????????? | | # #???????# ##### ###% #???????????????????????? | | # #???????# + #???????????????????????? | | # #???????# + #???????????????????????? | | # #???????############ #???????????????????????? | | #??????????????????# #???????????????????????? | | ###??????????????????# #???????????????????????? | | #????????????????????# #???????????????????????? | | ####?????????????????# #???????????????????????? | | ]]#?????????????????# #???????????????????????? | | ]]###???????????????# #???????????????????????? | | + #???????????????# #???????????????????????? | | !!###???????????????# #???????????????????????? | | !!#?????????????????# ???????????????????????? | | ####?????????????????? ???????????????????????? | | #????????????????????? ???????????????????????? | | #?????????????????????++##???????+???????????????? | | #????????????????????????????????????????????????? | +----------------------------------------------------+ Best States ------------- Heat Dissipation 78 Energy Generation 45 Energy Capacity 600 Matter Stores 300 Matter Capacity 300 Sight Range 16 Terrain Scan Density 10 Jamming Range 12 Corruption Containment 8 Armor Coverage 1200 Core Shielding 20 Evasion (%) 50 Targeting Accuracy 6 Core Analysis 6 Recoil Reduction 4 Offensive Hacking 10 Relay Coupler Types 4 Relay Coupler Value 60 Item Schematics ----------------- None Robot Schematics ------------------ None Fabricated ------------ B-48 Gladiator | x3 | -7/Factory | Preloaded Repaired ---------- Hrd. Light Armor Plating | 38% | -9/Storage Ion Burst Cannon | 9% | -8/Materials Arm. Treads | 12% | -8/Materials Studied --------- Hvy. Assault Rifle | -9/Materials | Hacked Autogun | -9/Materials | Hacked Rocket Launcher | -8/Materials | Hacked Adv. Treads | -8/Materials | Hacked Hvy. Treads | -6/Factory | Hacked Alien Tech Used ----------------- None Achievements -------------- Immobile And Lovin' It Challenges ------------ None Game ------ Seed ReflectiveDecoderDrillbomb Manual? 0 Play Time 02:21:17 Cumulative 903.5 hours Start 2025.11.12 @ 19:47:43 End 2025.11.12 @ 22:48:41 Sessions 1 Manual Loads 0 Difficulty Rogue Special Mode None Game No. 813 Rogue 726 Adventurer 87 Explorer 0 Win Type - Total 59 Types 9/6/31/2/1/1/5/1/1/2 Lore% 97 Gallery% 93 Achievement% 68 Wizard Run 0 Options --------- Layout 0 ASCII 0 Keyboard 1 Movement Numpad Keybinds 0 Fullscreen 2 Font 18/SmallcapsGlow Map View 76x50 Zoom Use 0% Tactical HUD 1 Map Filters NONE Filters NONE Steam 1 RUN: 09b475a7-890c-4ad0-bd5d-20554197e271